 Dungeon Crawl Stone Soup version 0.30.1-3-gfc49f6343a (webtiles) character file.

Game seed: 17910586240654703753

972 KaraBoska the Cleaver (level 7, -7/57 HPs)
             Began as a Minotaur Berserker on July 23, 2023.
             Was a Priest of Trog.
             Killed from afar by an electric eel (10 damage)
             ... with a bolt of electricity
             ... on level 5 of the Dungeon on July 25, 2023.
             The game lasted 00:33:45 (5994 turns).

KaraBoska the Cleaver (Minotaur Berserker)          Turns: 5994, Time: 00:33:46

Health: -7/57      AC: 12    Str: 24    XL:     7   Next: 94%
Magic:  6/6        EV:  8    Int:  4    God:    Trog [***...]
Gold:   70         SH:  2    Dex:  9    Spells: 6/6 levels left

rFire   . . .        a - +0 hand axe
rCold   . . .        q - +0 buckler
rNeg    . . .        i - +0 chain mail
rPois   .            (helmet restricted)
rElec   .            o - +0 cloak
rCorr   .            (no gloves)
SInv    .            D - +1 pair of boots {rampage}
Will    .....        (no amulet) Stlth
                     y - ring of wizardry
HPRegen 0.29/turn    (no ring)
MPRegen 0.10/turn

%: rampage, wizardry (x1)
@: no status effects
A: horns 2, retaliatory headbutt
a: Renounce Religion, Berserk, Trog's Hand


You were on level 5 of the Dungeon.
You worshipped Trog.
Trog was most pleased with you.
You visited 1 branch of the dungeon, and saw 5 of its levels.

You collected 251 gold pieces.
You spent 181 gold pieces at shops.

Inventory:

Hand Weapons
 a - a +0 hand axe (weapon)
 n - a +1 spear of freezing
 x - a +0 hand axe
 H - a +0 mace
Missiles
 f - 3 javelins (quivered)
 k - 3 boomerangs of dispersal
 p - a throwing net
 B - 9 poisoned darts
Armour
 b - a +0 animal skin
 i - a +0 chain mail (worn)
 j - a scarf of resistance
 o - a +0 cloak (worn)
 q - a +0 buckler (worn)
 C - a +0 chain mail
 D - a +1 pair of boots of rampaging (worn)
 I - a +0 ring mail
Jewellery
 y - a ring of wizardry (left hand)
Wands
 l - a wand of charming (3)
 v - a wand of polymorph (1)
 E - a wand of flame (14)
 J - a wand of light (8)
 K - a wand of mindburst (16)
Scrolls
 e - 12 scrolls of identify
 s - a scroll of teleportation
 t - a scroll of poison {unknown}
 G - a scroll of fog {unknown}
 L - a scroll of immolation {unknown}
 M - a scroll of amnesia {unknown}
Potions
 c - 3 potions of degeneration
 d - 3 potions of heal wounds
 g - a potion of ambrosia
 h - a potion of might
 m - a potion of curing
 r - 2 potions of invisibility {unknown}
 u - 2 potions of flight {unknown}
 w - a potion of mutation {unknown}
 z - 4 potions of lignification {unknown}
 A - a potion of magic {unknown}
 F - a potion of haste {unknown}


   Skills:
 - Level 3.6 Fighting
 + Level 11.5 Axes
 - Level 2.4 Armour
 - Level 2.1 Dodging


You had 6 spell levels left.
You didn't know any spells.
Your spell library contained the following spells:

 Spells                   Type           Power      Damage    Failure   Level
 Kiss of Death            Conj/Necr      0%         2d5       82%         1
 Confusing Touch          Hex            0%         N/A       99%         3
 Dazzling Flash           Conj/Hex       0%         N/A       99%         3
 Volatile Blastmotes      Fire/Tloc      0%         2d10      99%         3
 Animate Dead             Necr           0%         N/A       100%        4
 Dispel Undead            Necr           0%         3d6       100%        4
 Iskenderun's Mystic Bla  Conj/Tloc      0%         2d3       100%        4
 Starburst                Conj/Fire      0%         6d3       100%        6
 Haunt                    Necr/Summ      0%         N/A       100%        7
 Infestation              Necr           0%         N/A       100%        8


Dungeon Overview and Level Annotations

Branches:
Dungeon (5/15)
 Temple: D:4-7

Altars:
Fedhas

Shops:
D:1 ?   D:4 [:*=(

Annotations:
D:3 Grinder


Innate Abilities, Weirdness & Mutations

You have a pair of horns on your head.
You reflexively headbutt those who attack you in melee.


Message History

You closely miss the centaur.
The centaur is almost dead.
The centaur hits you but does no damage.
The centaur kicks you but does no damage.
The centaur closely misses you. You furiously retaliate!
You headbutt the centaur!
You kill the centaur!
Trog accepts your kill.
You see here a +0 shortbow.
You enter the shallow water.
Moving in this stuff is going to be slow.
The electric eel shoots out a bolt of lightning at you!
The bolt of electricity hits the plant!
The plant begins to die.
The bolt of electricity hits the plant!
The plant begins to die.
The bolt of electricity hits you!
The electric eel shoots out a bolt of lightning at you!
The bolt of electricity hits the plant!
The bolt of electricity hits you!
* * * LOW HITPOINT WARNING * * *
There is an open door here.
You feel better.
The electric eel shoots out a bolt of lightning at you!
The bolt of electricity hits the plant.
The bolt of electricity hits you!
The electric eel shoots out a bolt of lightning at you!
The bolt of electricity hits the plant!
The plant begins to die.
The bolt of electricity hits the plant!
The bolt of electricity hits you!
* * * LOW HITPOINT WARNING * * *
A nearby plant withers and dies.
The electric eel shoots out a bolt of lightning at you!
The bolt of electricity hits the plant!
The bolt of electricity hits you!
* * * LOW HITPOINT WARNING * * *
You hit the plant.
The plant is moderately damaged.
You slash the plant! You hit the plant.
The plant begins to die.
A nearby plant withers and dies.
You hit the plant.
The plant is lightly damaged.
You hit the plant.
A nearby plant withers and dies.
The electric eel shoots out a bolt of lightning at you!
The bolt of electricity hits you!
You die...

#.####...# #..###...### ##..
#..###...# #...###....# ##..
###..##..############....# #..#
##......#.##~~~..###..## ##.##
##.##...##.####.~~########..#
#......#.##..'##~~...##....##
#....###.#.....#####).###....
##..### #.#.....# +### #^.#.
#...# #)#PP@~P# ##.##. #...##
#~#=.~~~#.....###..##.
##.##.####~#.).!.#P~.~.#.......
#.###...##~#≈SS≈≈#...~$####....
#.# #....#~##≈S≈##~[$~)# ##...
#### #.#####~######≈≈.S≈# ##..
#.####.## ##...~~##≈≈S#### #..
##.......##########~#####..##
#.. #.######....# ##~~..'...#
##.


You could see 3 electric eels.

Vanquished Creatures
  A black bear (D:5)
  A centaur (D:5)
  A scorpion (D:4)
  A howler monkey (D:5)
  A bullfrog zombie (D:3)
  3 hounds (D:5)
  2 orc priests
  A bullfrog skeleton (D:3)
  2 jellies (D:4)
  A gnoll bouda (D:4)
  Ijyb (D:3)
  Terence (D:3)
  An iguana (D:5)
  An orc wizard (D:5)
  The ghost of redmage the Digger, a weakling MeEE (D:3)
  Robin (D:3)
  8 adders
  6 gnolls
  2 ufetubi
  A worm (D:4)
  3 dart slugs
  16 orcs
  6 ball pythons
  9 endoplasms
  4 giant cockroaches
  14 goblins
  11 hobgoblins
  3 jackals (D:3)
  2 quokkas
  2 bats (D:3)
  4 frilled lizards
  8 kobolds
  2 rats
121 creatures vanquished.

Vanquished Creatures (others)
  A gnoll (D:4)
  An adder (D:3)
2 creatures vanquished.

Grand Total: 123 creatures vanquished

Notes
Turn   | Place    | Note
-------+----------+-------------------------------------------
     0 | D:1      | KaraBoska the Minotaur Berserker began the quest for the
                  | Orb.
     0 | D:1      | Reached XP level 1. HP: 19/19 MP: 0/0
   164 | D:1      | Reached skill level 4 in Axes
   234 | D:1      | Found Vualeptofix's Magic Scroll Shop.
   450 | D:1      | Reached XP level 2. HP: 26/26 MP: 1/1
  1047 | D:2      | Reached skill level 5 in Axes
  1047 | D:2      | Reached XP level 3. HP: 18/31 MP: 2/2
  1401 | D:2      | Reached skill level 6 in Axes
  1401 | D:2      | Reached XP level 4. HP: 26/39 MP: 3/3
  1621 | D:3      | Reached ** piety under Trog
  1626 | D:3      | Noticed Grinder
  1651 | D:3      | Found a blossoming altar of Fedhas.
  1693 | D:3      | Found a runed translucent gate.
  1693 | D:3      | Found a runed translucent gate.
  1693 | D:3      | Found a runed translucent gate.
  1694 | D:3      | Noticed redmage's ghost (weakling MeEE)
  1711 | D:3      | Killed redmage's ghost
  1758 | D:3      | Reached skill level 7 in Axes
  1758 | D:3      | Reached XP level 5. HP: 33/45 MP: 4/4
  2193 | D:3      | Noticed Terence
  2249 | D:3      | Killed Terence
  2250 | D:3      | Reached skill level 8 in Axes
  2598 | D:3      | Noticed Ijyb
  2602 | D:3      | Noticed Robin
  2628 | D:3      | Killed Ijyb
  2629 | D:3      | Reached XP level 6. HP: 43/46 MP: 5/5
  2640 | D:3      | Killed Robin
  3086 | D:4      | Found Kinee's Jewellery Shoppe.
  3199 | D:4      | Found Kuttotep's Weapon Boutique.
  3261 | D:4      | Found Palih's General Store.
  3451 | D:4      | Reached skill level 9 in Axes
  3493 | D:4      | Found Zuwoat's Armour Boutique.
  3502 | D:4      | Bought a +1 pair of boots of rampaging for 181 gold pieces
  3654 | D:4      | Reached *** piety under Trog
  3677 | D:4      | Reached XP level 7. HP: 38/57 MP: 6/6
  3854 | D:4      | Found Vaod's Book Shoppe.
  4435 | D:5      | Entered Level 5 of the Dungeon
  4441 | D:5      | Reached skill level 10 in Axes
  4771 | D:5      | Reached skill level 11 in Axes
  5994 | D:5      | Killed from afar by an electric eel

Illustrated notes

Levels and vault maps discovered:
D:1:      minmay_arrival_four_houses, layout_basic, serial_shops, shop
D:2:      layout_rooms, serial_aquarium, aquarium_bridge_square
          [aquarium_subvault_bridge, aquarium_subvault_balcony,
          aquarium_subvault_bridge, aquarium_subvault_window],
          aquarium_window_corridor_1, aquarium_window_fake,
          aquarium_window_fake, aquarium_window_1, aquarium_view_2a,
          aquarium_view_4, aquarium_balcony_3a, moated_statue
D:3:      layout_basic, lemuel_doored_altar, serial_co_window_serial,
          co_window_of_opportunity_a, co_window_paths_a, co_window_paths_a,
          co_window_corner_a, co_window_corner_a, co_window_cross_2,
          co_window_paths_c, co_window_broadway_c, co_window_corner_b,
          co_window_of_opportunity_b, co_window_broadway_a,
          gammafunk_ghost_necromancy, uniq_robin, uniq_terence, uniq_grinder,
          uniq_ijyb
D:4:      layout_loops_corners, serial_shops, shop, shop, shop_coins,
          nicolae_shop_tiny_glass, nicolae_book_shop_shelving,
          hangedman_decor_opposing
D:5:      cheibrodos_two_vegetables, layout_layer_cave

Skill      XL: |  1  2  3  4  5  6  7 |
---------------+----------------------+-----
Axes           | 4 5 6 7 8 9 11 | 11.5
Fighting       | |  3.6
Armour         | |  2.4
Dodging        | |  2.1

Action                     |  1- 3 |  4- 6 |  7- 9 || total
---------------------------+-------+-------+-------++-------
  Melee: Hand axe          |    67 |   173 |   111 ||   351
         Headbutt          |     8 |    23 |    18 ||    49
         Unarmed           |       |    19 |       ||    19
         Punch             |       |     1 |       ||     1
 Invoke: Berserk           |       |     1 |       ||     1
         Trog's Hand       |       |     1 |       ||     1
  Evoke: Wand              |       |     4 |       ||     4
    Use: Scroll            |     4 |     6 |     1 ||    11
         Potion            |     1 |     2 |     1 ||     4
 Armour: Animal skin       |     3 |       |       ||     3
         Chain mail        |    29 |    94 |    49 ||   172
         Skin              |       |    15 |       ||    15
  Dodge: Dodged            |    35 |    78 |    36 ||   149
  Block: Buckler           |       |     6 |     8 ||    14
